Map: Traitor's Exile

Players

Steynor

  • Race: Protoss Protoss
  • Spawn Location: 9:00

Præliator

  • Race: Protoss Protoss
  • Spawn Location: 12:00

ILIEKEGGPIE

  • Race: Protoss Protoss
  • League: Platinum
  • Spawn Location: 6:00

solidd

  • Race: Terran Terran
  • Spawn Location: 5:00

VOD

Have the link to the VOD?

Description

Time

  • Played on: April 20, 2018, 5:45 p.m.
  • Length: 13:25
Show
View Real Time Build Order
Export as new Build Order

Steynor Protoss 

Build Orders:  

Get SALT Encoding   

  1  0:00  Probe  
  13  0:08  Probe  
  14  0:19  Probe  
  15  0:37  Pylon  
  15  1:04  Forge  
  15  1:15  Nexus  
  15  1:46  Photon Cannon  
  15  1:48  Photon Cannon  
  15  1:52  Gateway, Probe  
  15  2:00  Probe  
  16  2:02  Assimilator  
  16  2:06  Assimilator  
  17  2:10  Probe  
  17  2:14  Assimilator  
  18  2:20  Assimilator  
  18  2:34  Pylon  
  18  2:35  Probe  
  18  2:42  Pylon  
  18  2:43  Probe  
  19  2:47  Probe  
  21  2:53  Probe  
  21  2:55  Probe  
  22  3:04  Probe  
  24  3:18  Cybernetics Core  
  24  3:22  Photon Cannon  
  24  3:30  Photon Cannon  
  24  3:37  Pylon  
  24  3:42  Probe  
  24  3:45  Probe  
  25  3:50  Probe  
  25  3:53  Probe  
  27  3:57  Warp Gate  
  27  3:59  Probe  
  28  4:03  Probe  
  28  4:07  Probe  
  30  4:15  Probe x2  
  32  4:17  Stargate  
  33  4:25  Probe  
  33  4:31  Pylon  
  34  4:33  Probe  
  35  4:41  Probe  
  35  4:42  Probe  
  36  4:48  Stargate  
  37  4:53  Probe  
  37  4:54  Probe  
  37  4:59  Photon Cannon  
  39  5:04  Photon Cannon  
  39  5:05  Probe  
  40  5:11  Void Ray  
  44  5:17  Probe  
  45  5:26  Probe  
  45  5:33  Void Ray  
  45  5:34  Probe  
  50  5:42  Protoss Air Weapons Level 1  
  51  5:43  Fleet Beacon, Probe  
  52  5:55  Probe  
  53  5:57  Protoss Shields Level 1  
  53  6:09  Void Ray  
  57  6:16  Void Ray  
  61  6:19  Stargate  
  61  6:24  Stargate  
  61  6:30  Stargate  
  61  6:48  Probe  
  61  6:50  Graviton Catapult, Nexus  
  62  6:56  Probe  
  63  7:01  Pylon  
  63  7:04  Assimilator  
  63  7:06  Probe  
  63  7:08  Assimilator  
  63  7:12  Pylon  
  63  7:15  Pylon  
  64  7:18  Probe  
  65  7:25  Nexus  
  65  7:28  Assimilator  
  65  7:30  Probe  
  65  7:33  Assimilator  
  65  7:36  Pylon  
  66  7:40  Pylon  
  66  7:46  Carrier  
  72  7:59  Probe  
  73  8:07  Probe  
  73  8:09  Carrier  
  80  8:17  Probe  
  81  8:28  Carrier  
  81  8:29  Probe  
  81  8:31  Carrier  
  94  8:41  Probe  
  95  8:45  Photon Cannon  
  95  8:48  Photon Cannon  
  95  8:50  Carrier, Probe  
  95  8:53  Protoss Air Armor Level 1  
  102  8:58  Probe  
  103  9:08  Cybernetics Core  
  103  9:14  Protoss Ground Armor Level 1  
  103  9:18  Void Ray  
  103  9:21  Probe  
  103  9:22  Probe  
  108  9:30  Probe  
  109  9:34  Probe  
  111  9:40  Probe  
  112  9:46  Probe  
  112  9:52  Probe  
  114  9:58  Carrier x2, Probe  
  127  10:00  Carrier  
  133  10:19  Carrier  
  139  10:31  Pylon  
  139  10:33  Pylon  
  139  10:37  Photon Cannon  
  139  10:40  Probe  
  139  10:48  Probe  
  139  10:49  Carrier  
  146  10:52  Protoss Air Weapons Level 2  
  146  10:53  Protoss Air Armor Level 2  
  146  10:54  Photon Cannon  
  147  10:58  Probe  
  148  11:09  Protoss Ground Weapons Level 1  
  148  11:10  Probe  
  149  11:21  Pylon  
  149  11:22  Probe  
  149  11:24  Tempest  
  156  11:39  Carrier  
  162  11:41  Pylon  
  162  11:43  Pylon  
  162  11:45  Pylon  
  162  11:58  Carrier  
Show
View Real Time Build Order
Export as new Build Order

Præliator Protoss 

Build Orders:  

Get SALT Encoding   

  1  0:00  Probe  
  13  0:22  Probe  
  14  0:34  Probe  
  15  0:52  Pylon  
  15  1:20  Probe  
  15  1:22  Nexus  
  16  1:29  Probe  
  16  1:33  Forge  
  16  1:37  Gateway  
  16  1:39  Probe  
  18  1:51  Probe  
  19  2:00  Probe  
  20  2:08  Probe  
  20  2:14  Photon Cannon  
  21  2:18  Probe  
  21  2:19  Photon Cannon  
  22  2:30  Probe  
  22  2:34  Photon Cannon  
  23  2:39  Photon Cannon  
  23  2:42  Probe  
  24  2:45  Probe  
  24  2:53  Probe  
  24  2:54  Probe  
  26  3:01  Cybernetics Core  
  26  3:02  Probe  
  27  3:06  Probe  
  28  3:14  Probe x2, Pylon  
  30  3:22  Probe  
  30  3:26  Probe  
  32  3:32  Probe  
  32  3:33  Photon Cannon  
  32  3:37  Photon Cannon  
  32  3:38  Probe  
  32  3:40  Photon Cannon  
  34  3:44  Probe  
  34  3:45  Photon Cannon  
  35  3:50  Probe  
  36  3:59  Photon Cannon  
  36  4:03  Probe  
  36  4:07  Photon Cannon  
  37  4:10  Photon Cannon  
  37  4:13  Pylon  
  37  4:19  Pylon  
  37  4:23  Shield Battery  
  37  4:36  Shield Battery  
  37  4:43  Assimilator  
  37  4:44  Probe  
  38  4:47  Probe  
  38  4:50  Assimilator  
  39  4:54  Probe  
  39  4:55  Probe  
  39  4:56  Assimilator  
  41  5:02  Probe  
  41  5:03  Probe  
  41  5:06  Assimilator  
  42  5:10  Probe  
  42  5:11  Pylon  
  42  5:14  Probe  
  44  5:19  Pylon  
  45  5:22  Probe  
  45  5:24  Probe  
  47  5:32  Probe  
  48  5:55  Photon Cannon  
  48  6:00  Nexus  
  48  6:03  Photon Cannon  
  48  6:04  Photon Cannon  
  48  6:07  Photon Cannon  
  48  6:11  Photon Cannon  
  48  6:17  Shield Battery  
  48  6:19  Shield Battery  
  48  6:26  Assimilator  
  48  6:30  Assimilator  
  48  6:35  Probe  
  48  6:38  Probe  
  49  6:43  Probe  
  51  6:49  Probe  
  51  6:51  Pylon  
  51  6:54  Probe, Pylon  
  52  6:56  Pylon  
  52  6:58  Pylon  
  53  7:01  Probe  
  53  7:03  Pylon  
  53  7:06  Stargate, Probe  
  55  7:08  Stargate  
  55  7:09  Probe  
  55  7:11  Stargate  
  55  7:13  Probe  
  57  7:17  Probe x2  
  59  7:22  Stargate  
  59  7:23  Probe  
  59  7:25  Probe  
  59  7:27  Probe  
  62  7:33  Probe  
  62  7:34  Probe  
  62  7:39  Probe  
  62  7:43  Probe  
  65  7:45  Pylon, Probe  
  65  7:47  Pylon  
  65  7:51  Probe, Pylon  
  67  7:55  Probe  
  69  8:14  Void Ray x3  
  69  8:15  Void Ray  
  85  8:24  Pylon  
  85  8:28  Pylon  
  85  8:31  Pylon  
  85  8:34  Pylon  
  85  8:37  Stargate  
  85  8:42  Stargate  
  85  8:44  Stargate  
  85  8:52  Pylon  
  85  8:54  Pylon  
  85  8:56  Pylon  
  85  9:01  Void Ray x4  
  101  9:15  Cybernetics Core  
  101  9:18  Fleet Beacon  
  101  9:29  Void Ray x3  
  113  9:54  Protoss Air Weapons Level 1  
  113  9:57  Protoss Air Armor Level 1  
  113  10:00  Void Ray x3  
  125  10:10  Void Ray  
  129  10:20  Void Ray  
  133  10:45  Nexus  
  133  11:03  Assimilator  
  133  11:05  Assimilator  
  133  11:29  Photon Cannon  
Show
View Real Time Build Order
Export as new Build Order

ILIEKEGGPIE Protoss 

Build Orders:  

Get SALT Encoding   

  12  0:00  Probe  
  13  0:11  Probe  
  14  0:19  Probe  
  14  0:26  Pylon  
  15  0:45  Probe  
  16  0:52  Gateway  
  16  0:57  Probe  
  17  1:09  Probe  
  18  1:11  Gateway  
  18  1:14  Assimilator  
  18  1:21  Probe  
  19  1:33  Probe  
  20  1:42  Cybernetics Core  
  20  1:45  Probe, Pylon  
  21  1:57  Probe  
  22  2:06  Assimilator  
  22  2:11  Stalker  
  22  2:19  Warp Gate  
  23  2:50  Stalker  
  25  2:54  Pylon  
  25  2:56  Stalker  
  27  2:59  Probe  
  28  3:14  Robotics Facility  
  28  3:20  Stalker  
  30  3:27  Probe  
  31  3:37  Forge  
  31  3:45  Twilight Council  
  31  3:47  Pylon  
  31  3:53  Shield Battery  
  31  3:59  Sentry  
  33  4:03  Observer  
  34  4:15  Nexus  
  34  4:29  Protoss Ground Weapons Level 1  
  34  4:37  Gateway x2  
  34  4:50  Probe  
  34  4:52  Charge, Observer  
  35  5:02  Probe  
  36  5:14  Probe  
  37  5:22  Probe  
  38  5:30  Probe  
  39  5:36  Immortal, Pylon  
  39  5:39  Probe  
  39  5:41  Probe  
  44  5:47  Probe  
  45  5:53  Probe  
  47  5:57  Probe  
  47  6:03  Stalker x2  
  47  6:04  Stalker  
  53  6:14  Probe x2  
  53  6:16  Assimilator  
  55  6:19  Protoss Ground Armor Level 1  
  55  6:20  Assimilator  
  55  6:26  Probe x2  
  55  6:28  Pylon  
  57  6:38  Probe, Forge  
  58  6:49  Stalker  
  58  6:50  Stalker x2  
  64  6:55  Probe  
  64  6:59  Probe, Protoss Ground Weapons Level 2  
  66  7:03  Probe  
  67  7:10  Templar Archives  
  67  7:11  Probe  
  68  7:22  Blink  
  68  7:38  Nexus  
  68  7:42  Zealot x2  
  72  7:44  Zealot  
  72  7:48  Probe x2  
  76  7:59  Pylon  
  76  8:09  Protoss Ground Armor Level 2  
  76  8:13  Pylon  
  76  8:14  Pylon  
  76  8:25  High Templar x3  
  82  8:28  Zealot  
  82  8:32  Archon  
  84  8:38  Probe x2  
  86  8:43  Gateway x2  
  86  8:47  Gateway  
  86  8:49  Shield Battery  
  86  8:50  Probe x2  
  86  8:51  Probe  
  89  9:02  Probe x2  
  90  9:03  Probe  
  92  9:12  Stalker x3  
  92  9:13  Stalker  
  92  9:14  Probe  
  101  9:17  Pylon  
  101  9:18  Probe x2  
  101  9:20  Pylon  
  103  9:26  Probe  
  103  9:30  Probe  
  103  9:31  Probe  
  106  9:39  Probe  
  106  9:42  Zealot x3, Probe  
  106  9:43  High Templar  
  104  10:21  Zealot  
  104  10:22  Zealot x2, Stalker x2  
  104  10:23  Stalker  
  116  10:38  Gateway  
  116  10:39  Gateway  
  116  10:41  Gateway  
  116  10:45  Protoss Ground Weapons Level 3  
  116  10:46  Pylon, Protoss Ground Armor Level 3  
  116  10:48  Pylon  
  116  10:50  Stalker x4  
  116  10:51  Stalker  
  116  10:53  Stalker  
  128  10:59  Probe  
  128  11:02  Probe  
  128  11:03  Probe  
  131  11:07  Probe  
  132  11:14  Probe  
  125  11:32  Stalker x2  
  129  11:33  Stalker x4  
  93  12:05  Stalker x4  
  93  12:06  Stalker x2  
  97  12:25  Stalker x3  
  91  12:53  Stalker x6  
  91  12:54  Stalker  
  91  12:55  Stalker  
  91  12:56  Sentry  
  94  13:20  Stalker x2  
Show
View Real Time Build Order
Export as new Build Order

solidd Terran 

Build Orders:  

Get SALT Encoding   

  12  0:03  SCV  
  13  0:18  SCV  
  14  0:30  Supply Depot, SCV  
  15  0:37  Refinery  
  15  0:51  SCV  
  15  0:56  Barracks  
  16  1:03  SCV  
  17  1:15  SCV  
  18  1:28  SCV  
  19  1:39  Barracks  
  19  1:40  SCV  
  20  1:51  Barracks Reactor  
  20  1:52  SCV  
  21  1:57  Supply Depot  
  21  2:04  SCV  
  22  2:16  SCV  
  22  2:22  Refinery  
  23  2:28  SCV  
  24  2:33  Command Center  
  24  2:37  Barracks Tech Lab  
  24  2:40  SCV  
  24  2:42  Marine  
  24  2:43  Marine  
  27  2:52  SCV  
  28  2:59  Marine  
  28  3:00  Marine  
  28  3:04  SCV  
  31  3:26  Supply Depot  
  31  3:27  Supply Depot  
  31  3:44  Marine x3, SCV  
  31  3:45  SCV  
  36  3:56  SCV  
  36  3:57  SCV  
  36  4:02  Marine  
  39  4:03  Factory  
  39  4:08  SCV  
  39  4:09  SCV  
  41  4:12  Engineering Bay  
  41  4:14  Engineering Bay  
  41  4:19  Marauder, Marine  
  41  4:21  SCV x2  
  46  4:33  SCV x2  
  48  4:38  Terran Infantry Weapons Level 1  
  48  4:40  Terran Infantry Armor Level 1  
  48  4:45  SCV x2  
  50  4:54  Armory  
  50  4:57  SCV  
  51  5:04  SCV  
  52  5:08  Marine  
  52  5:09  Marauder, Marine, SCV  
  57  5:15  Factory Tech Lab  
  57  5:16  SCV  
  57  5:17  Factory  
  57  5:19  Starport  
  58  5:21  SCV  
  58  5:26  Marine  
  60  5:31  Marauder  
  62  5:41  Supply Depot  
  62  5:47  Refinery  
  62  5:49  Refinery  
  62  6:03  Marauder, Marine x2, Siege Tank  
  69  6:10  SCV  
  70  6:21  Starport Reactor  
  70  6:22  Factory Tech Lab  
  70  6:27  Terran Vehicle Weapons Level 1  
  70  6:37  Barracks  
  70  6:39  Barracks  
  70  6:42  Barracks, Terran Infantry Weapons Level 2  
  70  7:11  Supply Depot  
  70  7:12  Supply Depot  
  70  7:17  Orbital Command  
  70  7:22  Orbital Command  
  70  7:33  Medivac, Marine x4, Siege Tank  
  70  7:34  Marauder  
  81  7:45  Supply Depot x2  
  81  7:50  Marine x3  
  84  7:51  Marine  
  85  8:06  Siege Tank  
  85  8:07  Marauder  
  85  8:08  Marine  
  92  8:16  Supply Depot x2  
  92  8:19  Supply Depot, Barracks Tech Lab  
  91  8:28  Marauder, Barracks Reactor  
  91  8:31  Barracks Tech Lab  
  91  8:34  Terran Infantry Armor Level 2  
  93  8:40  Combat Shields  
  93  8:42  Stimpack  
  93  8:49  Marauder  
  93  8:54  Siege Tank x2  
  101  9:04  Marine x3  
  101  9:05  Marauder x2, Marine  
  109  9:11  Marauder  
  109  9:16  Supply Depot x2  
  111  9:22  Marine x3  
  111  9:23  Marine  
  115  9:26  Marauder x2  
  119  9:32  Marauder  
  121  9:40  Marine  
  122  9:47  Marauder  
  122  9:48  Marauder  
  126  9:54  Marauder  
  128  10:09  Marauder  
  127  10:28  Marine  
  127  10:29  Marine x5  
  127  10:30  Marine  
  127  10:31  SCV x2  
  136  10:43  SCV  
  136  10:46  Marine x2  
  139  10:54  Medivac  
  141  11:04  Supply Depot  
  141  11:06  Supply Depot x2  
  141  11:08  Supply Depot x2  
  141  11:10  Supply Depot  
  141  11:20  Marine  
  141  11:25  Medivac, Marine x3  
  149  11:26  Marauder  
  149  11:27  Marauder, Siege Tank x2  
  149  11:28  Marauder  
  159  11:37  Marine  
  160  11:43  Marine  
  161  11:49  Marauder  
  161  11:50  Marauder  
  128  12:15  Marine x5  
  128  12:16  Marine x2  
  116  12:24  Thor  
  116  12:27  Thor  
  125  12:32  Marine  
  52  13:09  Missile Turret x2  
  52  13:11  Missile Turret  
  52  13:12  Missile Turret x3  
  52  13:16  Missile Turret x2  
  52  13:19  Missile Turret  
  46  13:20  Missile Turret  
  46  13:22  Missile Turret x2  
Tags
 
Add a new tag
Caveats
  • Supply blocks, unpowered buildings, or Contaminate may cause inaccurate times.
  • Supply counts are checked every 10 seconds.